 Dungeon Crawl Stone Soup version 0.28.0-53-g5a82cb258f (webtiles) character file.

Game seed: 3819378984562983539

1267 Tiocfaidh the Sneak (level 8, 0/51 (57) HPs)
             Began as a Tengu Brigand on June 11, 2022.
             Was an Elder of Jiyva.
             Slain by Maggie
             ... wielding a +2 war axe of draining
              (10 damage)
             ... on level 6 of the Dungeon.
             The game lasted 00:30:35 (4783 turns).

Tiocfaidh the Sneak (Tengu Brigand)                 Turns: 4783, Time: 00:30:36

HP:   0/51 (57)     AC:  4    Str: 13    XL:     8   Next: 53%
MP:   9/9           EV: 15    Int: 17    God:    Jiyva [****..]
Gold: 149           SH:  0    Dex: 15    Spells: 7/7 levels left

rFire   + . .      SeeInvis .   d - +3 quarterstaff (chaos)
rCold   . . .      Faith    .   (shield currently unavailable)
rNeg    . . .      Spirit   .   h - +0 leather armour
rPois   .          Reflect  .   (helmet restricted)
rElec   .          Harm     .   c - +0 cloak
rCorr   +          Rampage  .   (no gloves)
Will    .....                   (boots unavailable)
Stlth   +++.......              (no amulet)
HPRegen 1.45/turn               f - ring of protection from fire
MPRegen 0.51/turn               p - ring of resist corrosion

@: flying quickly and evasively, mesmerised, heavily drained, invisible, quick
A: beak, talons 3, nimble flight, clever 2, robust 2
a: Renounce Religion, Oozemancy, Slimify


You were on level 6 of the Dungeon.
You worshipped Jiyva.
Jiyva was greatly pleased with you.
You visited 1 branch of the dungeon, and saw 6 of its levels.
You also visited: Sewer and Ossuary.

You collected 149 gold pieces.

Inventory:

Hand Weapons
 a - a +2 dagger
 d - a +3 quarterstaff of chaos (weapon)
 k - a +2 vorpal flail
Missiles
 j - a boomerang (quivered)
Armour
 c - a +0 cloak (worn)
 h - a +0 leather armour (worn)
Jewellery
 f - a ring of protection from fire (left hand)
 p - a ring of resist corrosion (right hand)
Wands
 e - a wand of digging (1)
 u - a wand of polymorph (13)
Potions
 b - a potion of mutation {unknown}
 g - 6 potions of might
 i - 6 potions of curing {unknown}
 l - 2 potions of brilliance {unknown}
 m - a potion of resistance {unknown}
 n - a potion of haste {unknown}
 o - 2 potions of cancellation {unknown}
 r - a potion of invisibility
 s - 3 potions of heal wounds {unknown}


   Skills:
 + Level 4.2 Fighting
 + Level 4.0 Short Blades
 + Level 5.5 Staves
 + Level 4.1 Throwing
 + Level 2.7 Armour
 + Level 3.1 Dodging
 + Level 6.1 Stealth


You had 7 spell levels left.
You didn't know any spells.
Your spell library contained the following spells:

 Spells                   Type           Power      Damage    Failure   Level
 Magic Dart               Conj           0%         1d3       30%         1
 Call Imp                 Summ           0%         N/A       41%         2
 Static Discharge         Conj/Air       0%         N/A       41%         2
 Gell's Gravitas          Tloc           0%         N/A       65%         3
 Ignite Poison            Fire/Tmut/Pois 0%         N/A       65%         3
 Lesser Beckoning         Tloc           0%         N/A       65%         3
 Mephitic Cloud           Conj/Pois/Air  0%         N/A       65%         3
 Teleport Other           Tloc           0%         N/A       65%         3
 Dispel Undead            Necr           0%         3d6       96%         4
 Sticky Flame             Conj/Fire      0%         2d3       96%         4
 Freezing Cloud           Conj/Ice/Air   0%         6-21      100%        5


Dungeon Overview and Level Annotations

Branches:
Dungeon (6/15)             Temple (0/1) D:6           Sewer (visited)
Ossuary (visited)

Altars:
Trog
Vehumet

Annotations:
D:6 Maggie


Innate Abilities, Weirdness & Mutations

You have a beak for a mouth.
You have claws for feet.
Your magical nature lets you fly swiftly and evasively.
Your mind is very acute. (Int +4)
You are very robust. (+20% HP)


Message History

Maggie the Vainglorious comes into view.
She is wielding a +2 war axe of draining.
Maggie shouts!
Maggie mumbles some strange words.
Maggie attempts to bespell you!
You are mesmerised by Maggie!
Maggie drinks a potion.
Maggie flickers and vanishes!
Deactivating autopickup; reactivate with Ctrl-A.
You hit something. You freeze something. You claw something.
Something hits you!
You feel drained.
You cannot move away from something!
You cannot move away from something!
Unknown command.
You cannot move away from something!
You cannot move away from something!
You cannot move away from something!
Unknown command.
You cannot move away from something!
You cannot move away from something!
You cannot move away from something!
You cannot move away from something!
Okay, then.
As you read the scroll labelled OBEONU JEAFFER, it crumbles to dust.
The scroll dissolves into smoke.
It was a scroll of fog.
Something hits you!
You feel drained.
Okay, then.
As you read the scroll labelled SUOFRAM PASUKHOMM, it crumbles to dust.
It is a scroll of enchant weapon.
Your +2 quarterstaff of chaos glows red for a moment.
Something barely misses you.
You barely miss something. Your kick misses something. You peck something.
You hear some strange, mumbled words.
A bolt of fire appears from out of thin air!
The bolt of fire hits you! You resist.
You thump something! Your kick misses something. You peck something.
Something hits you!
* * * LOW HITPOINT WARNING * * *
You feel drained.
You fade into invisibility!
Something hits you!
You die...

......'....'........+............
......######........###..######.#
......# ##........###.### #.#
......# ##.........#.....# #.#
####### #..........#.###.### #.#
#...........'.#>#...###.#
.......§§§§§.#.#+#.#..##.#
.......§§§§§.#.....#...#.#
.....§§@§§.###.###.....#
.....§{§§§.............#
.....§§§...............#
.......................#
.......................#
......J................#
...........#.#.........#
.......................#
..#.#.......#..


There were no monsters in sight!

Vanquished Creatures
  A wraith (Ossuary)
  Sigmund (D:3)
  A sky beast (D:5)
  2 ogres (D:5)
  A scorpion (D:5)
  A water moccasin skeleton (D:5)
  A killer bee (D:4)
  A howler monkey (D:5)
  A bullfrog zombie (D:6)
  A hound (D:5)
  A gnoll shaman (D:5)
  2 jellies (Sewer)
  An orc priest (D:4)
  Ijyb (D:4)
  Crazy Yiuf (D:3)
  Natasha (D:3)
  An orc wizard (D:4)
  A hound skeleton (D:4)
  2 mummies
  7 gnolls
  3 adders
  A river rat (Sewer)
  A white imp (D:6)
  An adder skeleton (D:4)
  3 worms
  2 dart slugs
  6 orcs
  6 bats
  8 endoplasms
  3 giant cockroaches
  12 goblins
  11 hobgoblins
  3 jackals
  4 kobolds
  2 quokkas (D:1)
  10 ball pythons
  5 frilled lizards (Sewer)
  6 gnoll skeletons (Ossuary)
  5 kobold skeletons (Ossuary)
  13 orc skeletons (Ossuary)
  14 rats
148 creatures vanquished.

Vanquished Creatures (others)
  A shadow (D:5)
  A wraith (D:5)
  2 scorpions
  Dowan (D:6)
  3 killer bees (D:4)
  18 jellies
  A howler monkey (D:5)
  A hound (D:5)
  An orc priest (D:5)
  A gnoll shaman (D:5)
  Natasha (D:3)
  An iguana (D:6)
  3 orc wizards
  A killer bee zombie (D:5)
  11 gnolls
  2 adders (D:4)
  An ufetubus (D:5)
  17 orcs
  2 endoplasms (D:4)
  19 goblins
  11 hobgoblins (D:5)
  2 kobolds (D:5)
  An orc skeleton (Ossuary)
  2 bushes (D:5)
104 creatures vanquished.

Grand Total: 252 creatures vanquished

Notes
Turn   | Place    | Note
-------+----------+-------------------------------------------
     0 | D:1      | Tiocfaidh the Tengu Brigand began the quest for the Orb.
     0 | D:1      | Reached XP level 1. HP: 12/12 MP: 2/2
   202 | D:1      | Found a faded altar of an unknown god.
   246 | D:1      | Reached XP level 2. HP: 17/17 MP: 3/3
   393 | D:1      | Reached XP level 3. HP: 20/21 MP: 4/4
   587 | D:1      | Reached skill level 5 in Stealth
  1031 | D:2      | Reached XP level 4. HP: 16/26 MP: 5/5
  1631 | D:3      | Found a bloodstained altar of Trog.
  1756 | D:3      | Found a glowing drain.
  1768 | Sewer    | Entered a sewer
  1949 | Sewer    | Reached skill level 1 in Armour
  2026 | Sewer    | Gained mutation: Your magical nature lets you fly swiftly
                  | and evasively. [Tengu growth]
  2026 | Sewer    | Reached XP level 5. HP: 31/31 MP: 6/6
  2180 | Sewer    | Found a viscous altar of Jiyva.
  2193 | Sewer    | Became a worshipper of Jiyva Jeqech the Shapeless
  2227 | D:3      | Noticed Sigmund
  2312 | D:3      | Noticed Natasha
  2337 | D:3      | Killed Natasha
  2468 | D:3      | Reached * piety under Jiyva
  2504 | D:3      | Killed Natasha
  2532 | D:3      | Reached XP level 6. HP: 36/36 MP: 7/7
  2551 | D:3      | Killed Sigmund
  2581 | D:3      | Found a runed translucent door.
  2582 | D:3      | Noticed Crazy Yiuf
  2634 | D:3      | Killed Crazy Yiuf
  2796 | D:5      | Entered Level 5 of the Dungeon
  2922 | D:5      | Found a sand-covered staircase.
  2931 | D:5      | Reached XP level 7. HP: 40/40 MP: 8/8
  2933 | Ossuary  | Entered an ossuary
  2933 | Ossuary  | Noticed a wraith
  2933 | Ossuary  | Noticed a wraith
  2933 | Ossuary  | Noticed a wraith
  2970 | Ossuary  | Reached ** piety under Jiyva
  3000 | Ossuary  | Noticed a wraith
  3016 | Ossuary  | Killed a wraith
  3284 | D:4      | Noticed Ijyb
  3292 | D:4      | Killed Ijyb
  3387 | D:4      | HP: 2/41 [something/magic dart (6)]
  3839 | D:5      | Reached *** piety under Jiyva
  3994 | D:5      | Gained mutation: Your mind is acute. (Int +2) [Jiyva's
                  | grace]
  3994 | D:5      | Gained mutation: Your mind is very acute. (Int +4) [Jiyva's
                  | grace]
  3994 | D:5      | Gained mutation: You are robust. (+10% HP) [Jiyva's grace]
  3994 | D:5      | Gained mutation: You are very robust. (+20% HP) [Jiyva's
                  | grace]
  4013 | D:5      | Reached XP level 8. HP: 45/55 MP: 9/9
  4038 | D:5      | Reached skill level 6 in Stealth
  4133 | D:5      | Found a radiant altar of Vehumet.
  4231 | D:5      | Reached skill level 5 in Staves
  4318 | D:5      | Found a large runed translucent door.
  4357 | D:5      | Found a large runed translucent door.
  4364 | D:5      | Noticed a shadow
  4364 | D:5      | Noticed a wraith
  4374 | D:5      | Killed a shadow
  4382 | D:5      | Killed a wraith
  4383 | D:5      | Found a large runed translucent door.
  4383 | D:5      | Found a large runed translucent door.
  4474 | D:6      | Reached **** piety under Jiyva
  4643 | D:6      | Found a staircase to the Ecumenical Temple.
  4740 | D:6      | Killed Dowan
  4771 | D:6      | Noticed Maggie
  4783 | D:6      | Slain by Maggie

Illustrated notes

Levels and vault maps discovered:
D:1:      ebering_hopf_link, layout_basic, ebering_ecumenical_altar_sacrificial,
          minmay_ruptured
D:2:      layout_basic
D:3:      layout_basic, mainiacjoe_overflow_alcove_4,
          cheibrodos_sewer_entry_sluice, uniq_natasha, uniq_sigmund,
          uniq_crazy_yiuf_cottage
D:4:      layout_loops_corners, uniq_ijyb
D:5:      minmay_goblin_kobold_castle, layout_loops_corners,
          mainiacjoe_overflow_cross_hatched, gup_ossuary_entry_pyramid,
          minmay_hollow_rounded_squares
D:6:      layout_basic, minmay_temple_entry_glassed_door, serial_glass,
          glass_columns_a, glass_columns_a, glass_columns_a, glass_columns_a,
          glass_columns_b, glass_columns_a, chequers_avenue,
          lightli_church_of_beogh, uniq_duvessa, uniq_maggie

Skill      XL: |  1  2  3  4  5  6  7  8 |
---------------+-------------------------+-----
Stealth        | 5 6 |  6.1
Armour         | 1 2 |  2.7
Throwing       | 3 4 |  4.1
Short Blades   | 3 4 |  4.0
Dodging        | 2 3 |  3.1
Staves         | 4 5 |  5.5
Fighting       | 3 4 |  4.2

Action                   |  1- 3 |  4- 6 |  7- 9 || total
-------------------------+-------+-------+-------++-------
Melee: Dagger            |    65 |    94 |       ||   159
       Peck              |     8 |    16 |    34 ||    58
       Kick              |    19 |    33 |    29 ||    81
       Quarterstaff      |       |    26 |   132 ||   158
Throw: Dart              |    27 |    38 |       ||    65
       Boomerang         |       |       |     3 ||     3
  Use: Scroll            |       |       |     9 ||     9
       Potion            |       |       |     2 ||     2
 Stab: Sleeping          |     1 |     7 |     4 ||    12
Armor: Robe              |     3 |       |       ||     3
       Leather armour    |    22 |    33 |    21 ||    76
Dodge: Dodged            |    35 |    86 |    73 ||   194
